 Dungeon Crawl Stone Soup version 0.21.1-1-g345015fe64 (webtiles) character file.

113 Mrkan the Vandal (level 5, -7/35 HPs)
             Began as a Halfling Hunter on July 13, 2018.
             Killed from afar by flt's ghost (10 damage)
             ... with a spray of energy
             ... on level 4 of the Dungeon.
             The game lasted 00:07:09 (2783 turns).

Mrkan the Vandal (Halfling Hunter)                  Turns: 2783, Time: 00:07:09

Health: -7/35      AC:  3    Str: 13    XL:     5   Next: 17%
Magic:  5/5        EV: 15    Int:  9    God:
Gold:   191        SH:  0    Dex: 16    Spells: 4/4 levels left

rFire    . . .     SeeInvis .   a - +1 hunting sling
rCold    . . .     Gourm    .   (shield restricted)
rNeg     . . .     Faith    .   c - +0 leather armour
rPois    .         Spirit   .   (no helmet)
rElec    .         Reflect  .   (no cloak)
rCorr    .         Harm     .   (no gloves)
MR       .....                  (no boots)
Stlth    +.........             (no amulet)
HPRegen  0.11/turn              (no ring)
MPRegen  0.09/turn              (no ring)

@: confused
A: small, mutation resistance 1
a: no special abilities


You were on level 4 of the Dungeon.
You were hungry.

You visited 1 branch of the dungeon, and saw 4 of its levels.

You collected 191 gold pieces.

Inventory:

Hand Weapons
 a - a +1 hunting sling (weapon)
 b - a +0 short sword
 r - a +0 spear
Missiles
 g - 30 stones (quivered)
Armour
 c - a +0 leather armour (worn)
 d - a +1 cloak of invisibility
 m - a +0 cloak
Jewellery
 x - a +4 ring of dexterity {unknown}
Wands
 v - a wand of polymorph (17)
Scrolls
 e - a scroll of fear {unknown}
 j - 2 scrolls of identify {unknown}
 k - a scroll of noise {unknown}
 l - a scroll of remove curse {unknown}
 o - a scroll of magic mapping {unknown}
 s - 3 scrolls of enchant weapon {unknown}
 t - a scroll of amnesia {unknown}
 u - 2 scrolls of teleportation {unknown}
 y - 2 scrolls of blinking {unknown}
 z - a scroll of enchant armour {unknown}
Potions
 i - 2 potions of berserk rage {unknown}
 n - 2 potions of resistance {unknown}
 p - 3 potions of curing {unknown}
 q - a potion of brilliance {unknown}
 w - a potion of mutation {unknown}
 A - a potion of degeneration {unknown}
 B - a potion of flight {unknown}
Comestibles
 f - 3 rations


   Skills:
 + Level 2.6 Fighting
 * Level 7.5 Slings
 + Level 3.2 Dodging
 - Level 1.1 Stealth


You had 4 spell levels left.
You didn't know any spells.

Dungeon Overview and Level Annotations

Branches:
Dungeon (4/15)
 Temple: D:4-7

Altars:
Sif Muna

Annotations:
D:4 flt's ghost, amateur SpEn


Innate Abilities, Weirdness & Mutations

You are small and have problems with some larger weapons.
You are somewhat resistant to further mutation.


Message History

You kill the leopard gecko!
Flt's ghost closely misses you. Flt's ghost completely misses you.
Things that are here:
a stone; a leopard gecko corpse You see here a stone.
Flt's ghost points at you and mumbles some strange words.
The spray of energy misses you. Flt's ghost casts a spell at you.
You are confused.
Flt's ghost barely misses you.
You closely miss flt's ghost.
Flt's ghost is lightly damaged.
Flt's ghost gestures at you while chanting.
You resist with significant effort. Flt's ghost hits you.
* * * LOW HITPOINT WARNING * * *
Flt's ghost casts a spell at you. The spray of energy hits you!
You die...

#.#######.......
#.##((.(.8...#
#.##.###.....# ###.##.#
#8.8.## ##...##(# #.8..#
...#.##(# #.#.##
##...##(# #...#
#....##.# ###.#########.
#.#.###(# ##.W.@.......
#.#.#..(####............
#.#.[.......<##.####.##.
#.###..(#######.# # #.#
##<## #.# #.# #.# #.#
#.# #.# #.# ... #.# #.#
..


You could see flt's ghost.

Vanquished Creatures
  Crazy Yiuf (D:2)
  An adder (D:3)
  3 worms
  2 dart slugs
  2 leopard geckos
  7 orcs
  2 bats (D:2)
  3 giant cockroaches
  9 hobgoblins
  A quokka (D:2)
  2 frilled lizards (D:2)
  4 goblins
  9 kobolds
  A leopard gecko zombie (D:4)
  4 rats
51 creatures vanquished.

Notes
Turn   | Place    | Note
-------+----------+-------------------------------------------
     0 | D:1      | Mrkan the Halfling Hunter began the quest for the Orb.
     0 | D:1      | Reached XP level 1. HP: 14/14 MP: 1/1
    18 | D:1      | Reached skill level 6 in Slings
   229 | D:1      | Reached XP level 2. HP: 19/19 MP: 2/2
   798 | D:2      | Reached XP level 3. HP: 24/24 MP: 3/3
  1318 | D:2      | Found a runed door.
  1500 | D:2      | Noticed Crazy Yiuf
  1536 | D:2      | Killed Crazy Yiuf
  1536 | D:2      | Reached skill level 7 in Slings
  1536 | D:2      | Reached XP level 4. HP: 4/30 MP: 4/4
  2230 | D:3      | Found a deep blue altar of Sif Muna.
  2237 | D:3      | Reached XP level 5. HP: 35/35 MP: 5/5
  2712 | D:4      | Noticed flt's ghost (amateur SpEn)
  2783 | D:4      | Killed from afar by flt's ghost

Skill      XL: |  1  2  3 |
---------------+----------+-----
Slings         | 6 7 |  7.5
Fighting       | 2 |  2.6
Dodging        | 3 |  3.2
Stealth        | |  1.1

Action                   |  1- 3 |  4- 6 || total
-------------------------+-------+-------++-------
Melee: Hunting sling     |       |     2 ||     2
 Fire: Hunting sling     |   100 |    83 ||   183
  Eat: Ration            |     1 |       ||     1
       Chunk             |     1 |       ||     1
Armor: Leather armour    |     2 |     4 ||     6
Dodge: Dodged            |    11 |    34 ||    45
